 Dungeon Crawl Stone Soup version 0.23.1-37-gaa34b87 (webtiles) character file.

Game seed: 6010811688377323059

4778 snowfan the Gusty (level 10, -3/74 HPs)
             Began as a Mummy Air Elementalist on Mar 25, 2019.
             Was a Believer of Qazlal.
             Shot with an arrow by a centaur (7 damage)
             ... on level 9 of the Dungeon.
             The game lasted 01:13:13 (14844 turns).

snowfan the Gusty (Mummy Air Elementalist)         Turns: 14844, Time: 01:13:13

Health: -3/74      AC:  5    Str: 12    XL:     10   Next: 23%
Magic:  2/14       EV: 12    Int: 18    God:    Qazlal [**....]
Gold:   410        SH:  3    Dex: 12    Spells: 4/14 levels left

rFire    x . .     SeeInvis .   x - +2 whip (flame)
rCold    + + .     Gourm    .   (no shield)
rNeg     + + +     Faith    .   y - +2 robe {rC+}
rPois    ∞         Spirit   .   j - +0 helmet
rElec    .         Reflect  .   (no cloak)
rCorr    .         Harm     .   (no gloves)
MR       ++...                  (no boots)
Stlth    +.........             (no amulet)
HPRegen  0.22/turn              v - ring of protection from magic
MPRegen  0.14/turn              (no ring)

@: swift (expiring), very slightly contaminated, quick
A: no food or potions, fire vulnerability, cold resistance 1, negative energy
resistance 3, torment resistance, unbreathing
a: Upheaval, Renounce Religion


You were on level 9 of the Dungeon.
You worshipped Qazlal.
Qazlal was pleased with you.
You were not hungry.

You visited 2 branches of the dungeon, and saw 12 of its levels.

You collected 410 gold pieces.

Inventory:

Hand Weapons
 c - a +0 mace
 s - a +0 hunting sling
 x - a +2 whip of flaming (weapon)
Missiles
 b - 149 sling bullets
 f - 125 stones (quivered)
Armour
 d - the cursed +1 scale mail "Kibbonec" {Int+4, unknown}
   (You found it on level 10 of the Dungeon)

   It affects your intelligence (+4).
   It has a curse placed upon it.
 j - a +0 helmet (worn)
 l - a +1 leather armour of fire resistance
 y - a +2 robe of cold resistance (worn)
Jewellery
 h - an uncursed amulet of harm {unknown}
 v - a ring of protection from magic (left hand)
Wands
 a - a wand of random effects (19)
 i - a wand of enslavement (5)
Scrolls
 e - 6 scrolls of remove curse
 g - 5 scrolls of amnesia
 m - a scroll of immolation
 o - a scroll of magic mapping
 p - a scroll of teleportation {unknown}
 q - a scroll of fear {unknown}
 t - a scroll of fog {unknown}
 u - a scroll of torment {unknown}
 w - a scroll of enchant armour {unknown}


   Skills:
 - Level 5.0 Fighting
 - Level 1.5 Dodging
 - Level 1.5 Stealth
 - Level 2.6 Spellcasting
 - Level 7.3 Conjurations
 - Level 7.7 Air Magic
 + Level 6.3 Invocations


You had 4 spell levels left.
You knew the following spells:

 Your Spells              Type           Power        Failure   Level  Hunger
a - Shock                 Conj/Air       ####         1%          1    N/A
b - Swiftness             Chrm/Air       ###.....     5%          2    N/A
d - Airstrike             Air            ####......   7%          4    N/A
q - Static Discharge      Conj/Air       ####....     2%          3    N/A

Your spell library contained the following spells:

 Spells                   Type           Power        Failure   Level  Hunger
 Stone Arrow              Conj/Erth      ###...       12%         3    N/A
 Sandblast                Erth           #.....       17%         1    N/A
 Passwall                 Tmut/Erth      #.......     26%         2    N/A
 Petrify                  Tmut/Erth      #.......     86%         4    N/A
 Lightning Bolt           Conj/Air       ####......   22%         5    N/A
 Lee's Rapid Deconstruct  Erth           #.........   99%         5    N/A

Dungeon Overview and Level Annotations

Branches:
Dungeon (11/15)            Temple (1/1) D:4
   Lair: D:8-11         Orc: D:9-12

Altars:
Ashenzari
Cheibriados
Dithmenos
Elyvilon
Gozag
Hepliaklqana
Kikubaaqudgha
Makhleb
Okawaru
Qazlal
Ru
Sif Muna
Trog
Uskayaw
Vehumet
Wu Jian
The Shining One


Innate Abilities, Weirdness & Mutations

You do not eat or drink.
Your flesh is vulnerable to fire.
You are immune to poison.
Your flesh is cold resistant. (rC+)
You are immune to negative energy. (rN+++)
You are immune to unholy pain and torment.
You can survive without breathing.


Message History

The adder skeleton barely misses you. The bullfrog hits you!
* * * LOW HITPOINT WARNING * * *
Casting: Static Discharge (safe; 2% risk of failure)
Confirm with . or Enter, or press ? or * to list all spells.
You feel quick. The bullfrog hits you.
* * * LOW HITPOINT WARNING * * *
The bullfrog misses you. You block the bullfrog's attack.
Found 14 gold pieces.
You are no longer corroded.
Really walk into that dispersal trap?
You enter a dispersal trap!
The bullfrog blinks! x2; The jelly blinks!
The bullfrog blinks!
You blink.
The bullfrog hits you.
* * * LOW HITPOINT WARNING * * *
You start to feel a little slower.
The centaur wields a +0 shortbow.
The centaur shoots an arrow.
The arrow hits you!
You die...

.. # .. ###### .#
#.#.#######....#### #.#
##.#...#........#..
....
....<#.#.##.@...#.##..#
..........#..F..#.....#
..........#....○......#
#....#.......#####
#c##.#.......##
#Z#..(...J....#
#J#..##......$#
#.#..##c......#
#Z#####.......#


You could see a bullfrog, a centaur and a jelly.

Vanquished Creatures
  Pikel (D:6)
  Grinder (D:3)
  A hippogriff (D:10)
  7 yaks (D:10)
  Menkaure (D:6)
  An ice beast (D:5)
  2 orc warriors (D:10)
  3 ogres
  A phantom (D:5)
  2 sky beasts
  A centaur (D:5)
  A big kobold (D:10)
  Blork the orc (D:6)
  5 bullfrogs
  3 killer bees (D:10)
  4 howler monkeys
  3 crimson imps
  A quasit (D:10)
  4 hounds
  2 jellies
  An orc priest (D:10)
  3 bullfrog skeletons
  6 orc wizards
  3 centaur skeletons
  Jessica (D:3)
  Ijyb (D:2)
  4 worker ants
  A hound zombie (D:5)
  A worker ant zombie (D:10)
  10 gnolls
  11 adders
  A shadow imp (D:10)
  An ooze (D:1)
  An adder zombie (D:6)
  4 worms
  5 dart slugs
  5 leopard geckos
  35 orcs
  2 giant cockroaches
  7 hobgoblins
  21 jackals
  6 quokkas
  A ball python (D:5)
  7 bats
  2 frilled lizards
  9 goblins
  9 kobolds
  A leopard gecko skeleton (D:6)
  2 quokka skeletons
  10 rats
216 creatures vanquished.

Vanquished Creatures (others)
  A hobgoblin (D:3)
  A jackal (D:3)
  A plant (D:8)
3 creatures vanquished.

Grand Total: 219 creatures vanquished

Notes
Turn   | Place    | Note
-------+----------+-------------------------------------------
     0 | D:1      | snowfan the Mummy Air Elementalist began the quest for the
                  | Orb.
     0 | D:1      | Reached XP level 1. HP: 13/13 MP: 4/4
   155 | D:1      | Reached skill level 1 in Conjurations
   352 | D:1      | Reached XP level 2. HP: 15/20 MP: 0/5
  1193 | D:1      | Reached skill level 1 in Fighting
  1447 | D:1      | Reached XP level 3. HP: 26/26 MP: 4/7
  2497 | D:2      | Found a white marble altar of Elyvilon.
  2699 | D:2      | Reached XP level 4. HP: 30/32 MP: 4/8
  2740 | D:2      | Found a hide-covered altar of Uskayaw.
  3308 | D:3      | Found a stormy altar of Qazlal.
  3308 | D:3      | Noticed a bullfrog
  3322 | D:2      | Killed a bullfrog
  3322 | D:2      | Reached XP level 5. HP: 4/38 MP: 0/9
  3700 | D:3      | Noticed Ijyb
  3761 | D:2      | Learned a level 2 spell: Swiftness
  3765 | D:2      | Learned a level 3 spell: Static Discharge
  3845 | D:3      | Noticed Jessica
  3876 | D:3      | Killed Jessica
  4376 | D:2      | Killed Ijyb
  4596 | D:3      | Reached XP level 6. HP: 44/44 MP: 8/10
  4677 | D:3      | Became a worshipper of Qazlal Stormbringer
  4865 | D:3      | Noticed Grinder
  4919 | D:3      | Paralysed by Grinder for 4 turns
  4945 | D:3      | Paralysed by Grinder for 7 turns
  5021 | D:3      | Paralysed by Grinder for 7 turns
  5062 | D:3      | Killed Grinder
  5511 | D:4      | Reached XP level 7. HP: 50/50 MP: 5/11
  5666 | D:4      | Found a staircase to the Ecumenical Temple.
  5813 | Temple   | Entered the Ecumenical Temple
  6247 | D:4      | Reached * piety under Qazlal
  6667 | D:4      | Reached skill level 5 in Air Magic
  6904 | D:4      | Learned a level 4 spell: Airstrike
  6943 | D:4      | Found a burning altar of Makhleb.
  7262 | D:5      | Entered Level 5 of the Dungeon
  7938 | D:5      | Found a shadowy altar of Dithmenos.
  8006 | D:5      | Reached skill level 5 in Conjurations
  8006 | D:5      | Reached XP level 8. HP: 49/58 MP: 5/12
  8176 | D:5      | Found a shattered altar of Ashenzari.
  8550 | D:5      | Found a deep blue altar of Sif Muna.
  8761 | D:6      | Noticed Blork the orc
  8771 | D:6      | Killed Blork the orc
  9083 | D:6      | Noticed Menkaure
  9102 | D:6      | Killed Menkaure
  9385 | D:6      | Reached ** piety under Qazlal
  9678 | D:6      | Found an ornate altar of the Wu Jian Council.
  9853 | D:6      | Noticed Pikel
  9906 | D:6      | Killed Pikel
  9906 | D:6      | Reached XP level 9. HP: 23/67 MP: 2/13
 10517 | D:7      | Noticed a two-headed ogre
 11380 | D:7      | Reached skill level 5 in Fighting
 11999 | D:9      | Reached skill level 1 in Invocations
 12122 | D:9      | Noticed a two-headed ogre
 12136 | D:10     | Entered Level 10 of the Dungeon
 12209 | D:10     | Got a polished scale mail
 12852 | D:10     | Reached XP level 10. HP: 56/74 MP: 0/14
 13107 | D:10     | Reached skill level 5 in Invocations
 14582 | D:10     | Noticed a gargoyle
 14825 | D:9      | HP: 3/74 [bullfrog (7)]
 14839 | D:9      | HP: 3/74 [bullfrog (1)]
 14844 | D:9      | Shot with an arrow by a centaur

Skill      XL: |  1  2  3  4  5  6  7  8  9 10 |
---------------+-------------------------------+-----
Conjurations   | 1 2 3 4 5 6 7 |  7.3
Fighting       | 1 2 3 4 5 |  5.0
Air Magic      | 3 4 5 7 |  7.7
Invocations    | 4 6 |  6.3
Dodging        | |  1.5
Stealth        | |  1.5
Spellcasting   | |  2.6

Action                   |  1- 3 |  4- 6 |  7- 9 | 10-12 || total
-------------------------+-------+-------+-------+-------++-------
Melee: Mace              |    27 |     3 |    11 |       ||    41
       Whip              |       |       |    11 |    14 ||    25
 Fire: Hunting sling     |       |       |     9 |       ||     9
Throw: Stone             |       |     1 |     4 |       ||     5
 Cast: Shock             |    83 |   125 |   310 |    30 ||   548
       Static Discharge  |       |       |    19 |    11 ||    30
       Airstrike         |       |       |    15 |    17 ||    32
       Swiftness         |       |       |     2 |     2 ||     4
Invok: Upheaval          |       |       |       |     1 ||     1
  Use: Scroll            |       |     1 |     4 |     1 ||     6
 Stab: Sleeping          |     3 |       |       |       ||     3
Armor: Robe              |     7 |    12 |    50 |    23 ||    92
Dodge: Dodged            |    33 |    49 |   128 |    47 ||   257
Block: Other             |       |       |    10 |    16 ||    26
